 Dungeon Crawl Stone Soup version 0.23.1 (webtiles) character file.

Game seed: 14768424861247895898

102 wolfsongas the Skirmisher (level 4, -1/32 HPs)
             Began as a Gargoyle Monk on Mar 2, 2019.
             Slain by an adder (4 damage)
             ... on level 2 of the Dungeon.
             The game lasted 00:03:55 (1459 turns).

wolfsongas the Skirmisher (Gargoyle Monk)           Turns: 1459, Time: 00:03:55

Health: -1/32      AC:  7    Str: 14 (16) XL:     4   Next: 77%
Magic:  4/4        EV: 12    Int:  7 (10) God:
Gold:   85         SH:  0    Dex: 11 (12) Spells: 3/3 levels left

rFire    . . .     SeeInvis .   a - +0 hand axe
rCold    . . .     Gourm    .   (no shield)
rNeg     + . .     Faith    .   j - +0 leather armour
rPois    ∞         Spirit   .   (no helmet)
rElec    +         Reflect  .   (no cloak)
rCorr    .         Harm     .   (no gloves)
MR       +....                  k - +0 pair of boots
Stlth    ++........             (no amulet)
HPRegen  0.10/turn              f - ring of protection from magic
MPRegen  0.09/turn              (no ring)

@: no status effects
A: negative energy resistance 1, electricity resistance, unbreathing,
petrification resistance, rot immunity, AC +3
a: no special abilities


You were on level 2 of the Dungeon.
You were not hungry.

You visited 1 branch of the dungeon, and saw 2 of its levels.

You collected 85 gold pieces.

Inventory:

Hand Weapons
 a - a +0 hand axe (weapon)
Armour
 j - a +0 leather armour (worn)
 k - a +0 pair of boots (worn)
Jewellery
 f - a ring of protection from magic (left hand)
Scrolls
 d - a scroll of magic mapping
 o - a scroll of identify
 p - a scroll of remove curse
Comestibles
 c - a ration


   Skills:
 * Level 5.9 Fighting
 - Level 2.6 Axes
 - Level 2.4 Dodging
 - Level 2.1 Stealth


You had 3 spell levels left.
You didn't know any spells.
Your spell library was empty.

Dungeon Overview and Level Annotations

Branches:
Dungeon (2/15)

Altars:
Ru


Innate Abilities, Weirdness & Mutations

You are resistant to torment.
Your stone body is resilient. (AC +3)
You are immune to poison.
You resist negative energy. (rN+)
You are resistant to electric shocks. (rElec)
You can survive without breathing.
You are immune to petrification.
You are immune to rotting.


Message History

The adder bites you but does no damage.
You miss the adder. The adder barely misses you. The adder closely misses you.
You completely miss the adder. The adder bites you but does no damage.
You barely miss the adder.
The adder bites you but does no damage. x2
You slash the adder!
The adder is severely wounded.
The adder bites you.
* * * LOW HITPOINT WARNING * * *
You miss the adder.
The adder is severely wounded.
The adder closely misses you. The adder barely misses you.
You hit the adder.
You kill the adder!
You feel your dexterity returning. The adder bites you.
* * * LOW HITPOINT WARNING * * *
You hit the adder.
The adder is lightly wounded.
The adder bites you.
You die...

#...# #.........#
.###...##..........##########
..w..........................#
..................#.....)....#
............o......#..........#
....#.......o........#..........#
.........##............o.......#
..........ow####+###...........#
..........oooS@...+............
#.#........####.#.#....#....###
#.#.)......####.............###
###.................)...........#
#......?.............##.........#
#....................##.........#
.....................##.[.......#
....<................##..........
[....#.............. #..........


You could see a worm, an orc wizard, an adder and 3 orcs.

Vanquished Creatures
  3 gnolls (D:2)
  3 adders (D:2)
  A dart slug (D:1)
  4 leopard geckos
  6 bats
  A giant cockroach (D:1)
  5 goblins
  5 hobgoblins (D:1)
  2 jackals (D:1)
  5 kobolds
  A ball python (D:2)
  2 frilled lizards
  2 rats (D:1)
40 creatures vanquished.

Notes
Turn   | Place    | Note
-------+----------+-------------------------------------------
     0 | D:1      | wolfsongas the Gargoyle Monk began the quest for the Orb.
     0 | D:1      | Reached XP level 1. HP: 14/14 MP: 1/1
   125 | D:1      | Reached XP level 2. HP: 13/20 MP: 2/2
   292 | D:1      | Reached skill level 4 in Fighting
   767 | D:1      | Reached XP level 3. HP: 20/24 MP: 3/3
  1121 | D:2      | Found a sacrificial altar of Ru.
  1137 | D:2      | Reached skill level 5 in Fighting
  1187 | D:2      | Reached XP level 4. HP: 31/31 MP: 4/4
  1459 | D:2      | Slain by an adder

Skill      XL: |  1  2  3 |
---------------+----------+-----
Fighting       | 4 5 |  5.9
Axes           | |  2.6
Dodging        | |  2.4
Stealth        | |  2.1

Action                   |  1- 3 |  4- 6 || total
-------------------------+-------+-------++-------
Melee: Hand axe          |   108 |    36 ||   144
       Mace              |    15 |    16 ||    31
  Use: Scroll            |     5 |     2 ||     7
       Potion            |     1 |     4 ||     5
  Eat: Ration            |     1 |       ||     1
Armor: Robe              |    23 |       ||    23
       Leather armour    |    17 |    31 ||    48
       Skin              |       |    23 ||    23
Dodge: Dodged            |   114 |    60 ||   174
